 Dungeon Crawl Stone Soup version 0.14.0-12-g87ee3b7 (webtiles) character file.

266 Aelig the Jinx (level 5, -9/35 HPs)
             Began as a Vampire Enchanter on Apr 17, 2014.
             Killed by divine providence
             ... invoked by an orc priest
              (15 damage)
             ... on Level 4 of the Dungeon.
             The game lasted 00:11:37 (2616 turns).

Aelig the Jinx (Vampire Enchanter)                  Turns: 2616, Time: 00:11:37

HP  -9/35        AC  0     Str  2      XL: 5   Next:  9%
MP   3/9         EV 20     Int 18      God:
Gold 117         SH  0     Dex 19      Spells:  3 memorised,  2 levels left

rFire  . . .     SeeInvis +     g - melded +0 short sword (venom)
rCold  . . .     Clarity  .     p - melded +1 leather armour {rPois}
rNeg   + . .     Conserve .     (shield currently unavailable)
rPois  .         rCorr    .     (helmet currently unavailable)
rElec  .         rRot     .     (cloak currently unavailable)
SustAb . .       Spirit   .     (gloves currently unavailable)
rMut   .         Warding  .     (boots currently unavailable)
Saprov . . .     Stasis   .     (no amulet)
MR     .....                    (ring currently unavailable)
                                i - melded ring of sustenance {unknown}

@: bat-form, flying, very slightly contaminated, very quick, not resistant to
hostile enchantments, stealthy
A: (fangs 0), see invisible, (unbreathing)
a: End Transformation


You were on level 4 of the Dungeon.
You were not thirsty.
You were in vampire bat-form.
You visited 1 branch of the dungeon, and saw 5 of its levels.

You collected 117 gold pieces.

Inventory:

Hand weapons
 a - a +1,+1 dagger
 g - a +0,+0 short sword of venom (melded)
Missiles
 d - 12 darts (quivered)
Armour
 b - a +1 robe
 p - a +1 leather armour of poison resistance (melded)
Magical devices
 w - a wand of confusion (15)
Scrolls
 h - 2 scrolls of amnesia {unknown}
 j - 4 scrolls of identify
 l - 2 scrolls of teleportation {unknown}
 n - 2 scrolls of enchant weapon II {unknown}
 o - 2 scrolls of remove curse {unknown}
 r - a scroll of enchant weapon I {unknown}
 t - 2 scrolls of blinking {unknown}
 v - 3 scrolls of magic mapping {unknown}
Jewellery
 i - a ring of sustenance (melded) {unknown}
Potions
 f - 3 potions of curing
 k - a potion of heal wounds {unknown}
 m - a potion of agility
 q - a potion of invisibility
 s - a potion of might
 u - 2 potions of restore abilities
Books
 c - a book of Maledictions

   Spells                             Type                      Level
   *Corona                            Hexes                        1
   Sure Blade                         Hexes/Charms                 2
   *Ensorcelled Hibernation           Hexes/Ice                    2
   *Confuse                           Hexes                        3
   Enslavement                        Hexes                        4
   Invisibility                       Hexes                        6


   Skills:
 - Level 1.1 Short Blades
 - Level 0.7 Throwing
 - Level 2.1 Dodging
 - Level 3.0 Stealth
 - Level 2.0 Spellcasting
 + Level 8.4 Hexes


You had 2 spell levels left.
You knew the following spells:

 Your Spells              Type           Power        Failure   Level  Hunger
a - Corona                Hex            ####...      4%          1    #......
b - Ensorcelled Hibernat  Hex/Ice        ###...       17%         2    ##.....
c - Confuse               Hex            ####....     8%          3    ####...


Dungeon Overview and Level Annotations

Branches:
Dungeon (5/15)
 Temple: D:4-7

Altars:

Annotations:
D:2 exclusion: downstairs
D:3 Grinder, Ijyb


Innate Abilities, Weirdness & Mutations

((You have razor-sharp teeth.))*
You have supernaturally acute eyesight.
((You can survive without breathing.))*


Message History

There is an open door here.
Use which ability? (? or * to list)
You fail to use your ability.
The orc priest calls down the wrath of Beogh upon you.
Something smites you! The orc closely misses you.
Use which ability? (? or * to list)
You turn into a vampire bat.
Your +0,+0 short sword of venom melds into your body.
Your +0,+0 short sword of venom stops dripping with poison.
Your +1 leather armour of poison resistance melds into your body.
You feel less healthy.
Your golden ring {tried} melds into your body.
The orc misses you.
The orc priest calls down the wrath of Beogh upon you.
Something smites you!
* * * LOW HITPOINT WARNING * * *
An orc skeleton comes into view.
The orc priest calls down the wrath of Beogh upon you.
Something smites you!
You die...

#...o.....# ....
#)###.o...# #.....
#.####%...# .......
####.o..'....#
.#.....
#.......#....#
......
#.......#.o..#
##..#
#.o.....#....# .
##....###....#
###o.# ###b###
#..#####.........
####..>.........z..
#.......#########$.
#...o...'........
#.......#########
#.......#######
#.)............
#..............


You could see an orc priest, an orc and an orc skeleton (dormant).

Vanquished Creatures
  A scorpion (D:4)
  5 adders (D:2)
  2 giant mites
  An ooze (D:2)
  An orc (D:4)
  A bat skeleton (D:4)
  A giant cockroach (D:2)
  4 hobgoblins
  4 jackals (D:1)
  7 kobolds
  5 bats
  3 giant newts
  8 goblins
  A quokka (D:2)
  3 rats
47 creatures vanquished.

Notes
Turn   | Place    | Note
--------------------------------------------------------------
     0 | D:1      | Aelig, the Vampire Enchanter, began the quest for the Orb.
     0 | D:1      | Reached XP level 1. HP: 13/13 MP: 3/3
    74 | D:1      | Reached skill level 5 in Hexes
   405 | D:1      | Reached XP level 2. HP: 19/19 MP: 2/4
   409 | D:1      | Learned a level 2 spell: Ensorcelled Hibernation
   908 | D:2      | Reached skill level 6 in Hexes
   946 | D:2      | Reached XP level 3. HP: 11/24 MP: 4/6
  1226 | D:3      | Noticed Ijyb
  1226 | D:3      | Noticed Grinder
  1387 | D:2      | Reached skill level 7 in Hexes
  1423 | D:2      | Reached XP level 4. HP: 30/30 MP: 7/7
  1671 | D:3      | Noticed an ogre
  2053 | D:5      | Entered Level 5 of the Dungeon
  2153 | D:4      | Learned a level 3 spell: Confuse
  2397 | D:4      | Noticed an ogre
  2501 | D:4      | Reached skill level 8 in Hexes
  2501 | D:4      | Reached XP level 5. HP: 28/35 MP: 6/9
  2616 | D:4      | Killed from afar by an orc priest

Action                   |  1- 3 |  4- 6 || total
-------------------------+-------+-------++-------
Melee: Dagger            |    26 |       ||    26
       Short sword       |    51 |    33 ||    84
 Cast: Corona            |    11 |     3 ||    14
       Ensorcelled Hiber |     1 |     7 ||     8
 Abil: Bat Form          |       |     3 ||     3
       End Transformatio |       |     2 ||     2
Evoke: Wand              |       |     1 ||     1
  Use: Potion            |     1 |     1 ||     2
       Scroll            |       |     5 ||     5
 Stab: Sleeping          |     7 |     4 ||    11
